 Seeded DCSS version 0.29-a0-375-g5102b3be25 (webtiles) character file.

Game seed: 13605594255664981076 (custom seed)

354 thiscave3701365 the Cleaver (level 6, -1/52 HPs)
             Began as a Minotaur Berserker on May 3, 2022.
             Was a Believer of Trog.
             Slain by a gnoll
             ... wielding a +1 whip of venom
              (3 damage)
             ... on level 4 of the Dungeon.
             The game lasted 00:03:30 (3970 turns).

thiscave3701365 the Cleaver (Minotaur Berserker)    Turns: 3970, Time: 00:03:30

Health: -1/52      AC:  6    Str: 24    XL:     6   Next: 35%
Magic:  5/5        EV:  5    Int:  4    God:    Trog [**....]
Gold:   159        SH:  0    Dex:  9    Spells: 5/5 levels left

rFire   . . .      SeeInvis .   a - +0 hand axe
rCold   . . .      Faith    .   (no shield)
rNeg    . . .      Spirit   .   i - +0 scale mail
rPois   .          Reflect  .   (helmet restricted)
rElec   .          Harm     .   (no cloak)
rCorr   .          Rampage  .   (no gloves)
Will    .....                   (no boots)
Stlth   ..........              (no amulet)
HPRegen 0.17/turn               (no ring)
MPRegen 0.09/turn               (no ring)

@: on berserk cooldown, held, slowed, very slow
A: horns 2, retaliatory headbutt
a: Renounce Religion, Berserk, Trog's Hand


You were on level 4 of the Dungeon.
You worshipped Trog.
Trog was pleased with you.
You visited 1 branch of the dungeon, and saw 4 of its levels.

You collected 159 gold pieces.

Inventory:

Hand Weapons
 a - a +0 hand axe (weapon)
Armour
 i - a +0 scale mail (worn)
Jewellery
 m - a ring of protection from cold
Wands
 q - a wand of charming (10)
Scrolls
 b - 2 scrolls of vulnerability {unknown}
 d - a scroll of immolation {unknown}
 e - 6 scrolls of identify {unknown}
 g - a scroll of blinking {unknown}
 h - a scroll of fog {unknown}
 k - 2 scrolls of poison {unknown}
 l - a scroll of torment {unknown}
 n - a scroll of teleportation {unknown}
Potions
 c - a potion of brilliance {unknown}
 f - 2 potions of haste {unknown}
 j - a potion of magic {unknown}
 p - a potion of mutation {unknown}


   Skills:
 - Level 4.0 Fighting
 + Level 8.4 Axes
 - Level 2.5 Armour
 - Level 2.3 Dodging


You had 5 spell levels left.
You didn't know any spells.
Your spell library was empty.

Dungeon Overview and Level Annotations

Branches:
Dungeon (4/15)             Temple (0/1) D:4

Altars:
Cheibriados
Gozag
Makhleb
Nemelex Xobeh
Okawaru
Uskayaw


Innate Abilities, Weirdness & Mutations

You have a pair of horns on your head.
You reflexively headbutt those who attack you in melee.


Message History

You are too injured to fight recklessly!
Unknown command.
You are too injured to fight recklessly!
Unknown command.
You are too injured to fight recklessly!
You slash the gnoll!
You kill the gnoll!
Trog accepts your kill.
The gnoll throws a throwing net.
The throwing net hits you.
You become entangled in the net!
The gnoll hits you from afar with a +0 spear.
Unknown command.
You struggle against the net.
You feel a strong urge to attack something.
The gnoll hits you from afar with a +0 spear.
The gnoll hits you but does no damage. The gnoll barely misses you.
The gnoll hits you from afar with a +0 spear.
You struggle against the net.
You feel your anger nearly subside.
You are no longer berserk.
You are exhausted.
You feel yourself slow down.
You struggle against the net.
The gnoll hits you from afar with a +0 spear.
The gnoll barely misses you.
The gnoll hits you from afar with a +0 spear.
* * * LOW HITPOINT WARNING * * *
The gnoll hits you from afar with a +0 spear.
* * * LOW HITPOINT WARNING * * *
You struggle against the net.
The gnoll hits you with a +1 whip of venom.
* * * LOW HITPOINT WARNING * * *
The gnoll hits you but does no damage.
The gnoll hits you from afar with a +0 spear.
* * * LOW HITPOINT WARNING * * *
You struggle against the net.
The gnoll hits you from afar with a +0 spear.
* * * LOW HITPOINT WARNING * * *
The gnoll hits you with a +1 whip of venom.
You die...

#.# #.# #.#
#.#########
### #.#
..##.......
#.# #.####
####.######
..# #....#
#.##....
### ####.#
#.##.###
#.# #.##.#
#.# #.##.#
#@# #.##.##
#g#
#.#...##


gg. #....... ..... ####...## ##...## #.....## ##.## #.##### #.# #.# ..# ..# #.#
..... #.# You could see 3 gnolls.

Vanquished Creatures
  An ogre (D:4)
  2 orc priests (D:4)
  An iguana (D:3)
  An orc wizard (D:3)
  5 gnolls
  An adder (D:4)
  An ufetubus (D:4)
  20 orcs
  3 endoplasms
  3 giant cockroaches
  7 goblins
  4 hobgoblins
  3 jackals (D:1)
  A quokka (D:4)
  9 ball pythons
  A bat (D:3)
  3 frilled lizards
  5 kobolds
  5 rats
76 creatures vanquished.

Notes
Turn   | Place    | Note
-------+----------+-------------------------------------------
     0 | D:1      | thiscave3701365 the Minotaur Berserker began the quest for
                  | the Orb.
     0 | D:1      | Reached XP level 1. HP: 19/19 MP: 0/0
   331 | D:1      | Found a faded altar of an unknown god.
   337 | D:1      | Reached skill level 4 in Axes
   343 | D:1      | Reached XP level 2. HP: 27/27 MP: 1/1
  1244 | D:2      | Reached XP level 3. HP: 31/33 MP: 2/2
  1344 | D:2      | Reached skill level 5 in Axes
  1351 | D:2      | Reached XP level 4. HP: 40/40 MP: 3/3
  1489 | D:2      | You fall into a shaft and drop 1 floor!
  1521 | D:3      | Reached ** piety under Trog
  1527 | D:3      | Reached skill level 6 in Axes
  2043 | D:3      | Reached XP level 5. HP: 46/46 MP: 4/4
  2666 | D:3      | Found a burning altar of Makhleb.
  2666 | D:3      | Found a hide-covered altar of Uskayaw.
  2937 | D:4      | Noticed an ogre
  2944 | D:4      | Killed an ogre
  2945 | D:4      | Reached skill level 7 in Axes
  3338 | D:4      | Found an opulent altar of Gozag.
  3338 | D:4      | Found a sparkling altar of Nemelex Xobeh.
  3401 | D:4      | Found a staircase to the Ecumenical Temple.
  3475 | D:4      | Reached XP level 6. HP: 52/52 MP: 5/5
  3542 | D:4      | Reached skill level 8 in Axes
  3644 | D:4      | Found an iron altar of Okawaru.
  3706 | D:4      | Found a snail-covered altar of Cheibriados.
  3970 | D:4      | HP: 2/52 [gnoll/+0 spear (5)]
  3970 | D:4      | Slain by a gnoll

Illustrated notes

Levels and vault maps discovered:
D:1:      wander_arrival_lonely_grave, layout_basic,
          ebering_ecumenical_altar_rust
D:2:      layout_basic, minmay_misc_feat_tower, grunt_decor_mini_mirrors
D:3:      layout_basic, mainiacjoe_overflow_divided_tiny
D:4:      layout_loops_ring, grunt_temple_overflow_opulence,
          general_overflow_altar, mainiacjoe_overflow_24_doors, temple_doors_ab

Skill      XL: |  1  2  3  4  5  6 |
---------------+-------------------+-----
Axes           | 4 5 6 7 8 |  8.4
Fighting       | 4 |  4.0
Armour         | |  2.5
Dodging        | |  2.3

Action                   |  1- 3 |  4- 6 || total
-------------------------+-------+-------++-------
Melee: Hand axe          |    62 |    80 ||   142
       Headbutt          |    10 |     7 ||    17
       Punch             |       |     1 ||     1
Invok: Berserk           |     2 |     6 ||     8
  Use: Potion            |       |     1 ||     1
Armor: Animal skin       |     9 |       ||     9
       Scale mail        |     9 |    34 ||    43
Dodge: Dodged            |    38 |    45 ||    83

Table legend: (Time is in decaauts)
 A = Elapsed time spent in this place.
 B = Non-inter-level travel time spent in this place.
 C = Inter-level travel time spent in this place.
 D = Time resting spent in this place.
 E = Time spent auto-exploring this place.
 F = Levels seen in this place.
 G = Mean time per level.
                   A        B        C        D        E       F      G
               +--------+--------+--------+--------+--------+-----+--------+
         Total |   4047 |   3962 |     85 |    755 |   2827 |   4 | 1011.8 |
       Dungeon |   4047 |   3962 |     85 |    755 |   2827 |   4 | 1011.8 |
               +--------+--------+--------+--------+--------+-----+--------+

Top non-repeatable levels by time:
     D:3: 1751 daAuts
     D:1: 1017 daAuts
     D:4: 779 daAuts
     D:2: 499 daAuts
